 Dungeon Crawl Stone Soup version 0.26-a0-487-gbff1e92059 (webtiles) character file.

Game seed: 14177170839979327191

263 ANON1729 the Cudgeler (level 5, -2/54 HPs)
             Began as a Troll Berserker on Aug 2, 2020.
             Was a Believer of Trog.
             Killed from afar by a white imp (4 damage)
             ... with a puff of frost
             ... summoned by Eustachio
             ... on level 4 of the Dungeon.
             The game lasted 00:03:26 (1845 turns).

ANON1729 the Cudgeler (Troll Berserker)             Turns: 1845, Time: 00:03:27

Health: -2/54      AC:  6    Str: 25    XL:     5   Next: 98%
Magic:  4/4        EV: 11    Int:  4    God:    Trog [**....]
Gold:   66         SH:  0    Dex:  9    Spells: 4/4 levels left

rFire    . . .     SeeInvis .   a - +0 mace
rCold    . . .     Faith    .   (no shield)
rNeg     . . .     Spirit   .   b - +0 animal skin
rPois    .         Reflect  .   (helmet restricted)
rElec    .         Harm     .   (no cloak)
rCorr    .                      (gloves unavailable)
MR       .....                  (boots unavailable)
Stlth    +.........             (no amulet)
HPRegen  0.58/turn              (no ring)
MPRegen  0.09/turn              (no ring)

@: berserk cooldown
A: large, unfitting armour, claws 3, regeneration 1, shaggy fur 1, tough skin 3
a: Berserk, Trog's Hand, Renounce Religion


You were on level 4 of the Dungeon.
You worshipped Trog.
Trog was pleased with you.
You visited 1 branch of the dungeon, and saw 4 of its levels.

You collected 66 gold pieces.

Inventory:

Hand Weapons
 a - a +0 mace (weapon)
Armour
 b - a +0 animal skin (worn)
Jewellery
 e - an uncursed amulet of reflection {unknown}
Scrolls
 c - 2 scrolls of blinking {unknown}
 d - 3 scrolls of identify {unknown}
 g - a scroll of teleportation {unknown}
 i - a scroll of random uselessness {unknown}
 j - 2 scrolls of amnesia {unknown}
Potions
 h - a potion of heal wounds {unknown}
 k - a potion of lignification {unknown}
 l - a potion of invisibility {unknown}


   Skills:
 + Level 3.7 Fighting
 + Level 4.1 Maces & Flails
 + Level 3.7 Dodging


You had 4 spell levels left.
You didn't know any spells.
Your spell library was empty.

Dungeon Overview and Level Annotations

Branches:
Dungeon (4/15)
 Temple: D:4-7

Altars:
Makhleb
Okawaru
Xom
Yredelemnul
Zin

Annotations:
D:4 Eustachio


Innate Abilities, Weirdness & Mutations

You are too large for most types of armour.
You have claws for hands.
Your natural rate of healing is unusually fast.
You are covered in fur. (AC +1)
You have extremely tough skin. (AC +3)


Message History

The white imp freezes you.
* * * LOW HITPOINT WARNING * * *
Unknown command.
Your skin stops crawling.
You feel less resistant to hostile enchantments.
The white imp gestures at you. The puff of frost hits you!
* * * LOW HITPOINT WARNING * * *
Eustachio casts a spell.
Eustachio blinks!
The white imp picks up a beetle and eats it.
It was a potion of cancellation.
Your magical effects are unravelling.
You feel magically purged.
You feel yourself speed up.
Eustachio casts a spell.
The white imp hits you but does no damage.
The white imp gestures at you. The puff of frost hits you.
You die...

..##..##..# .......
..##..##..# ......
..........######....#
......##..##...#§...#
.<##..###'##...#....#
..##..##.......#§§§.#
####..#........#)...#
#..+........#55b.#
#..##..######@@r.#
#..##..##....r####
.........#.....#
.........#.....#
##..##...'§....# ##+
#...#.....#
#...#.....#
#####.....# #.....#


You could see Eustachio, a river rat (summoned), 2 white imps, a quokka
(summoned) and a bat (summoned).

Vanquished Creatures
  Sigmund (D:4)
  3 adders
  2 dart slugs
  4 leopard geckos
  An orc (D:3)
  2 ball pythons
  7 bats
  A giant cockroach (D:1)
  3 goblins
  12 hobgoblins
  4 jackals (D:1)
  8 kobolds
  2 quokkas
  5 frilled lizards
  9 rats
64 creatures vanquished.

Notes
Turn   | Place    | Note
-------+----------+-------------------------------------------
     0 | D:1      | ANON1729 the Troll Berserker began the quest for the Orb.
     0 | D:1      | Reached XP level 1. HP: 22/22 MP: 0/0
   187 | D:1      | Reached XP level 2. HP: 23/29 MP: 1/1
   253 | D:1      | Reached skill level 3 in Maces & Flails
   405 | D:1      | Reached XP level 3. HP: 36/36 MP: 2/2
   437 | D:1      | Reached ** piety under Trog
   798 | D:2      | Found a glowing silver altar of Zin.
   800 | D:2      | Found a shimmering altar of Xom.
   800 | D:2      | Noticed an angel
   917 | D:2      | Reached XP level 4. HP: 36/45 MP: 3/3
  1567 | D:3      | Found a basalt altar of Yredelemnul.
  1644 | D:3      | Found a burning altar of Makhleb.
  1764 | D:3      | Found an iron altar of Okawaru.
  1820 | D:4      | Noticed Sigmund
  1821 | D:4      | Noticed Eustachio
  1833 | D:4      | Killed Sigmund
  1833 | D:4      | Reached skill level 4 in Maces & Flails
  1833 | D:4      | Reached XP level 5. HP: 23/54 MP: 4/4
  1844 | D:4      | HP: 1/54 [white imp/puff of frost[Eustachio] (8)]
  1845 | D:4      | Killed from afar by a white imp

Illustrated notes

Levels and vault maps discovered:
D:1:      wander_arrival_estate, layout_basic
D:2:      layout_loops_ring, grunt_temple_overflow_order_and_chaos_1,
          roderic_roman_lattice
D:3:      layout_basic, old_standard_altar, lemuel_round_altar,
          lemuel_crystal_altar
D:4:      layout_gridville, temple_pool_b, portal_sewer_entry_b,
          ebering_ghost_inner_flame, serial_shops, shop, uniq_duvessa,
          uniq_menkaure, uniq_sigmund, uniq_eustachio

Skill      XL: |  1  2  3  4 |
---------------+-------------+-----
Maces & Flails | 3 4 |  4.1
Dodging        | 3 |  3.7
Fighting       | 3 |  3.7

Action                   |  1- 3 |  4- 6 || total
-------------------------+-------+-------++-------
Melee: Mace              |   149 |    98 ||   247
Invok: Berserk           |       |     1 ||     1
       Trog's Hand       |       |     1 ||     1
  Use: Potion            |       |     1 ||     1
 Stab: Sleeping          |     1 |       ||     1
Armor: Animal skin       |    88 |    64 ||   152
Dodge: Dodged            |   146 |    84 ||   230

Table legend: (Time is in decaauts)
 A = Elapsed time spent in this place.
 B = Non-inter-level travel time spent in this place.
 C = Inter-level travel time spent in this place.
 D = Time resting spent in this place.
 E = Time spent auto-exploring this place.
 F = Levels seen in this place.
 G = Mean time per level.
                   A        B        C        D        E       F      G
               +--------+--------+--------+--------+--------+-----+--------+
         Total |   1899 |   1853 |     46 |      0 |   1374 |   4 |  474.8 |
       Dungeon |   1899 |   1853 |     46 |      0 |   1374 |   4 |  474.8 |
               +--------+--------+--------+--------+--------+-----+--------+

Top non-repeatable levels by time:
     D:1: 711 daAuts
     D:2: 658 daAuts
     D:3: 472 daAuts
     D:4: 56 daAuts
